 Dungeon Crawl Stone Soup version 0.31-a0-984-gbfb7dba898 (webtiles) character file.

Game seed: 17638378521205855306

75461 Malachi the Warrior (level 15, 0/129 HPs)
             Began as a Demonspawn Shapeshifter on Nov 3, 2023.
             Was the Champion of Nemelex Xobeh.
             Killed from afar by Jorgrun (21 damage)
             ... with a blast of rock fragments
             ... on level 12 of the Dungeon.
             The game lasted 00:42:01 (21759 turns).

Malachi the Warrior (Demonspawn Shapeshifter)      Turns: 21759, Time: 00:42:02

Health: 0/129      AC: 21    Str: 27    XL:     15   Next: 9%
Magic:  26/26      EV: 20    Int:  9    God:    Nemelex Xobeh [******]
Gold:   300        SH: 14    Dex: 18    Spells: 14/14 levels left

rFire   + + .        n - +8 spear of Terra Nullius {vamp, Fragile +Blink rC+}
rCold   . . .        u - +4 kite shield of Meager Liberty {Drain Int-4 Dex+6}
rNeg    . . .        v - +5 fire dragon scales
rPois   .            (helmet currently unavailable)
rElec   +            (cloak currently unavailable)
rCorr   .            (gloves currently unavailable)
SInv    .            (boots currently unavailable)
Will    +....        O - amulet of regeneration Stlth
                     L - +5 ring of evasion
HPRegen 1.21/turn    G - +6 ring of strength
MPRegen 0.20/turn

%: no passive effects
@: mighty, agile, beast-form
A: beast (slay +4), horns 2, thin metallic scales 3, ignite blood 1, powered by
pain 1, hooves 1, mutation resistance 1
a: Begin Untransformation, Renounce Religion, Evoke Blink, Draw Escape, Draw
Destruction, Draw Summoning, Triple Draw, Deal Four, Stack Five


You were on level 12 of the Dungeon.
You worshipped Nemelex Xobeh.
Nemelex Xobeh was exalted by your worship.
You were a hulking beast.
You visited 3 branches of the dungeon, and saw 18 of its levels.
You also visited: Sewer and Bailey.

You collected 2328 gold pieces.
You spent 2028 gold pieces at shops.

Inventory:

Hand Weapons
 h - the +7 Throatcutter {drain, coup de grace}
   (You found it on level 3 of the Dungeon)
 m - the +7 staff of the Meek {protect, meekguard}
   (You found it on level 7 of the Dungeon)
 n - the +8 spear of Terra Nullius (weapon) {vamp, Fragile +Blink rC+}
   (You took it off a kobold on level 2 of the Dungeon)

   rC+:       It protects you from cold.
   +Blink:    It lets you blink.
   Fragile:   It will be destroyed if unequipped.
 I - a +4 scimitar of flaming
Missiles
 i - 30 poisoned darts
 A - 3 curare-tipped darts
 N - 2 throwing nets
Armour
 o - the +1 pair of boots "Naozey" {Regen+ Str+2 Int+3 Dex-4}
   (You acquired it on level 3 of the Lair of Beasts)

   Str+2:     It affects your strength (+2).
   Int+3:     It affects your intelligence (+3).
   Dex-4:     It affects your dexterity (-4).
   Regen+:    It increases your rate of health regeneration.
 u - the +4 kite shield of Meager Liberty (worn) {Drain Int-4 Dex+6}
   (You bought it in a shop on level 3 of the Dungeon)

   Int-4:     It affects your intelligence (-4).
   Dex+6:     It affects your dexterity (+6).
   Drain:     It drains your maximum health when unequipped.
 v - +5 fire dragon scales (worn)
 M - the +2 pair of gloves of Responsibility {rN+++ Will- Str-2 SInv}
   (You found it on level 11 of the Dungeon)

   Str-2:     It affects your strength (-2).
   rN+++:     It renders you almost immune to negative energy.
   Will-:     It decreases your willpower.
   SInv:      It lets you see invisible.
Jewellery
 p - a ring of positive energy
 q - a ring of protection from cold
 s - a ring of willpower
 B - an amulet of guardian spirit
 E - a ring of flight
 G - a +6 ring of strength (right hand)
 L - a +5 ring of evasion (left hand)
 O - an amulet of regeneration (around neck)
Talismans
 c - a beast talisman
 d - a flux talisman
Wands
 t - a wand of flame (17)
 C - a wand of polymorph (5)
 J - a wand of iceblast (6)
 K - a wand of charming (6)
Scrolls
 e - 8 scrolls of identify
 g - 9 scrolls of amnesia
 j - 2 scrolls of vulnerability
 k - a scroll of enchant weapon
 l - 8 scrolls of teleportation
 w - 3 scrolls of immolation
 x - 3 scrolls of butterflies
 y - 2 scrolls of fog
 z - a scroll of revelation
 Q - 2 scrolls of fear
Potions
 a - 3 potions of curing
 b - 3 potions of lignification
 f - a potion of enlightenment
 r - 3 potions of degeneration
 F - 3 potions of magic
 H - 2 potions of brilliance
 P - a potion of might


   Skills:
 - Level 15.0 Fighting
 - Level 13.5 Armour
 - Level 1.7 Dodging
 + Level 5.5 Shields
 - Level 3.8 Unarmed Combat
 - Level 15.0 Invocations
 - Level 10.0 Shapeshifting


You had 14 spell levels left.
You didn't know any spells.
Your spell library contained the following spells:

 Spells                   Type           Power      Damage    Failure   Level
 Foxfire                  Conj/Fire      0%         2x1d4     85%         1
 Freeze                   Ice            0%         1d3       85%         1
 Magic Dart               Conj           0%         1d3       85%         1
 Sandblast                Erth           0%         2d4       85%         1
 Shock                    Conj/Air       0%         1d3       85%         1
 Slow                     Hex            0%         N/A       85%         1
 Sting                    Tmut/Pois      0%         1d3       85%         1
 Blink                    Tloc           0%         N/A       94%         2
 Lesser Beckoning         Tloc           0%         N/A       94%         2
 Passwall                 Tmut/Erth      0%         N/A       94%         2
 Poisonous Vapours        Pois/Air       0%         N/A       94%         2
 Searing Ray              Conj           0%         2d4       94%         2
 Sublimation of Blood     Necr           0%         N/A       94%         2
 Wereblood                Tmut           0%         N/A       94%         2
 Confusing Touch          Hex            0%         N/A       99%         3
 Frozen Ramparts          Ice            0%         1d1       99%         3
 Gell's Gravitas          Tloc           0%         N/A       99%         3
 Hailstorm                Conj/Ice       0%         3d3       99%         3
 Inner Flame              Hex/Fire       0%         N/A       99%         3
 Sigil of Binding         Hex            0%         N/A       99%         3
 Stone Arrow              Conj/Erth      0%         3d7       99%         3
 Swiftness                Air            0%         N/A       99%         3
 Teleport Other           Tloc           0%         N/A       99%         3
 Vampiric Draining        Necr           0%         2d6       99%         3
 Airstrike                Air            0%         2d(0-16)  100%        4
 Brom's Barrelling Bould  Conj/Erth      0%         2d3       100%        4
 Cause Fear               Hex            0%         N/A       100%        4
 Flame Wave               Conj/Fire      0%         2d4       100%        4
 Fulminant Prism          Conj/Hex       0%         3d5       100%        4
 Manifold Assault         Tloc           0%         N/A       100%        4
 Olgreb's Toxic Radiance  Pois           0%         N/A       100%        4
 Sticky Flame             Conj/Fire      0%         2d3       100%        4
 Fireball                 Conj/Fire      0%         3d3       100%        5
 Iskenderun's Battlesphe  Conj           0%         2d6       100%        5
 Conjure Ball Lightning   Conj/Air       0%         3x3d6     100%        6
 Plasma Beam              Fire/Air       0%         2x1d10    100%        6
 Starburst                Conj/Fire      0%         6d3       100%        6
 Orb of Destruction       Conj           0%         9d5       100%        7
 Summon Hydra             Summ           0%         N/A       100%        7
 Chain Lightning          Conj/Air       0%         N/A       100%        9
 Dragon's Call            Summ           0%         N/A       100%        9


Dungeon Overview and Level Annotations

Branches:
Dungeon (12/15)            Temple (0/1) D:6            Lair (5/5) D:10
 Shoals (0/4) Lair:3       Spider (1/4) Lair:2        Slime (0/5) Lair:5
    Orc (0/2) D:11          Sewer (visited)          Bailey (visited)

Altars:
Dithmenos
Fedhas
Hepliaklqana
Nemelex Xobeh
Qazlal
Ru
Sif Muna
Trog

Shops:
D:3 [![?[   D:9 **

Annotations:
D:10 2 transporters, Gladio's ghost, novice VSGl
D:12 Jorgrun


Innate Abilities, Weirdness & Mutations

You are a hulking beast.
Your limbs bulge with bestial killing power. (Slay +4)
You have a pair of horns on your head.
You are completely covered in thin metallic scales. (AC +4, rElec)
Your demonic aura sometimes causes spilled blood to erupt in flames.
You sometimes gain a little power by taking damage.
You have large cloven feet.
You are somewhat resistant to further mutation.


Message History

Jorgrun is moderately wounded.
You block Jorgrun's attack.
You puncture Jorgrun! You kick Jorgrun.
Jorgrun is moderately wounded.
Jorgrun gestures at you while chanting. The iron shot hits you!!!
You focus on the pain.
You feel agile all of a sudden.
You barely miss Jorgrun. Your kick misses Jorgrun.
Jorgrun is moderately wounded.
Jorgrun casts a spell next to you.
The wall shatters!
The blast of rock fragments hits you!!!
* * * LOW HITPOINT WARNING * * *
You focus on the pain.
You feel very mighty all of a sudden.
Jorgrun points at you and mumbles some strange words.
The iron shot hits you!
* * * LOW HITPOINT WARNING * * *
You are too injured to fight recklessly!
Unknown command.
Okay, then.
Reach: n) +8 spear of Terra Nullius {vamp, Fragile +Blink rC+}
Press: ? - help, Dir - move target, f/p - Jorgrun
Aim: Jorgrun, wielding a staff of earth and wearing a +0 robe (moderately wounded, about 33% to evade the +8 spear of Terra Nullius)
Okay, then.
You draw a card...
You have drawn Pain.
Press: ? - help, Shift-Dir - straight line, f/p - Jorgrun
Aim: Jorgrun, wielding a staff of earth and wearing a +0 robe (moderately wounded)
The bolt of negative energy hits Jorgrun!!
Jorgrun is drained!
Jorgrun is severely wounded.
Jorgrun casts a spell next to you.
The wall shatters!
The blast of rock fragments hits you but does no damage.
You hit Jorgrun but do no damage. You kick Jorgrun!
Jorgrun is severely wounded.
Jorgrun points next to you and mumbles some strange words.
The wall shatters!
The blast of rock fragments hits you!!
You die...
Your body glows with a rainbow of weird colours and disappears.

#.......#.######.##.#
#...## ######.##.#
#.##.# ####.###
#.##.# #)...# #....#
#.##.#
#....#####.####
#.##.# #.#....##..#
#.##.# #....#.#..##
#.##.# ####...#.##
#.##.# #....>...#
#.##.# #h###.####
#.##.# #g# #.# #.##.#
#.# #.# #....# #.#
#.# ###### #.. ..#
### ###


You could see Jorgrun (drained).

Vanquished Creatures
  Gastronok (D:10)
  An emperor scorpion (Lair:5)
  The ghost of confidenceinterval the Grappler, a journeyman DrSh of Makhleb (D:12)
  Azrael (D:12)
  2 minotaurs (Lair:5)
  8 hydras
  2 great orbs of eyes
  3 two-headed ogres
  3 catoblepae
  Erica (D:8)
  11 death yaks (Lair:5)
  2 boulder beetles
  A deep troll shaman (Lair:5)
  The ghost of ongoing the Skirmisher, a novice BaHs (D:6)
  Amaemon (Lair:3)
  Lodul (D:10)
  A pharaoh ant (Lair:2)
  A lindwurm (Lair:5)
  Pikel (D:7)
  A deep elf zephyrmancer (Bailey)
  An orc knight (Bailey)
  3 cyclopes
  3 ugly things
  A manticore (D:11)
  Joseph (D:7)
  A moth of wrath (Lair:5)
  4 black mambas
  10 elephants
  A torpor snail (Lair:5)
  An orange demon (Lair:3)
  A gargoyle (D:8)
  14 cane toads
  9 rime drakes
  A yaktaur (D:8)
  2 kobold demonologists
  3 ice devils (D:12)
  6 komodo dragons
  5 polar bears
  A wind drake (D:10)
  A queen bee (Lair:5)
  A meliai (Lair:5)
  4 trolls
  A raiju (Lair:5)
  A tarantella (Lair:5)
  16 blink frogs
  Sigmund (D:4)
  16 slime creatures
  4 dream sheep (Lair:5)
  5 centaur simulacra (D:12)
  6 wyverns
  2 vampires
  2 wraiths
  5 fire elementals (D:12)
  33 yaks
  A hog (Lair:5)
  8 basilisks
  10 steam dragons
  4 vampire mosquitoes
  A redback (Lair:2)
  Edmund (D:4)
  An acid dragon (Lair:3)
  8 water moccasins
  3 hell hounds (D:12)
  Duvessa (D:7)
  Pargi (Sewer)
  A meliai simulacrum (D:12)
  6 orc warriors
  A sky beast (D:7)
  12 ogres
  28 wolves
  3 black bears
  4 centaurs
  2 lemures (D:7)
  Blork the orc (D:4)
  3 kobold brigands
  13 bullfrogs
  7 scorpions
  4 wights (D:9)
  Dowan (D:7)
  6 killer bees (D:9)
  An electric eel (Lair:5)
  4 howler monkeys
  A hound (D:6)
  5 orc priests
  A gnoll bouda (D:7)
  3 iguanas
  5 orc wizards
  3 sleepcaps
  A boggart simulacrum (D:12)
  8 gnolls
  8 adders
  A shadow imp (D:5)
  2 white imps
  2 ufetubi (D:5)
  2 worms
  3 dart slugs (D:2)
  32 orcs
  3 ball pythons
  7 endoplasms
  7 giant cockroaches
  11 goblins
  11 hobgoblins
  6 jackals
  23 kobolds
  4 quokkas
  4 bats
  6 frilled lizards
  7 rats
512 creatures vanquished.

Vanquished Creatures (others)
  A rime drake (Lair:3)
  A komodo dragon (Lair:5)
  A jumping spider (Lair:5)
  A sky beast (D:7)
  A white imp (D:7)
5 creatures vanquished.

Grand Total: 517 creatures vanquished

Notes
Turn   | Place    | Note
-------+----------+-------------------------------------------
     0 | D:1      | Malachi the Demonspawn Shapeshifter began the quest for the
                  | Orb.
     0 | D:1      | Reached XP level 1. HP: 15/15 MP: 1/1
   171 | D:1      | Gained mutation: You are partially covered in thin metallic
                  | scales. (AC +2) [demonic ancestry]
   171 | D:1      | Reached XP level 2. HP: 15/21 MP: 2/2
   331 | D:1      | Found a faded altar of an unknown god.
   754 | D:1      | Gained mutation: Your demonic aura sometimes causes spilled
                  | blood to erupt in flames. [demonic ancestry]
   754 | D:1      | Reached XP level 3. HP: 7/27 MP: 3/3
  1424 | D:2      | Found a sacrificial altar of Ru.
  1482 | D:1      | Prayed at the altar of an unknown god.
  1482 | D:1      | Became a worshipper of Nemelex Xobeh the Trickster
  1482 | D:1      | Reached * piety under Nemelex Xobeh
  1542 | D:2      | Received a gift from Nemelex Xobeh
  2074 | D:2      | Reached XP level 4. HP: 34/34 MP: 4/4
  2256 | D:2      | Identified the +8 spear of Terra Nullius {vamp, Fragile
                  | +Blink rC+}
  2704 | D:3      | Reached XP level 5. HP: 42/42 MP: 5/5
  2758 | D:3      | Found Xupnyjae's Antique Armour Shop.
  2803 | D:3      | Found Joywk's Antique Armour Boutique.
  2814 | D:3      | Found Bufougon's Distillery.
  2935 | D:3      | Found Lareumy's Armour Shop.
  3016 | D:3      | Found Qarair's Magic Scroll Shop.
  3028 | D:3      | Bought a scroll of identify for 26 gold pieces
  3115 | D:3      | Found the +7 Throatcutter {drain, coup de grace}
  3563 | D:4      | Reached skill level 5 in Fighting
  3565 | D:4      | Gained mutation: You have a pair of small horns on your
                  | head. [demonic ancestry]
  3565 | D:4      | Reached XP level 6. HP: 44/51 MP: 6/6
  3658 | D:4      | Found a shadowy altar of Dithmenos.
  3658 | D:4      | Reached ** piety under Nemelex Xobeh
  3738 | D:4      | Noticed a water moccasin
  3744 | D:4      | Killed a water moccasin
  3996 | D:4      | Received a gift from Nemelex Xobeh
  4007 | D:4      | Noticed Sigmund
  4009 | D:4      | Killed Sigmund
  4010 | D:4      | Reached XP level 7. HP: 60/60 MP: 7/7
  4024 | D:4      | Noticed Blork the orc
  4028 | D:4      | Killed Blork the orc
  4069 | D:4      | Noticed Edmund
  4076 | D:4      | Killed Edmund
  4257 | D:4      | Found a stormy altar of Qazlal.
  4313 | D:5      | Entered Level 5 of the Dungeon
  4657 | D:5      | Gained mutation: You have a pair of horns on your head.
                  | [demonic ancestry]
  4657 | D:5      | Reached XP level 8. HP: 70/70 MP: 8/8
  4988 | D:6      | Found a glowing drain.
  5006 | Sewer    | Entered a sewer
  5009 | Sewer    | Noticed Pargi
  5013 | Sewer    | Killed Pargi
  5305 | D:6      | Reached skill level 10 in Fighting
  5321 | D:6      | Found a hazy altar of Hepliaklqana.
  5523 | D:6      | Found a staircase to the Ecumenical Temple.
  5612 | D:6      | Found a transporter.
  5614 | D:6      | Noticed ongoing's ghost (novice BaHs)
  5621 | D:6      | Found a transporter.
  5917 | D:6      | Gained mutation: Armour fits poorly on your strangely
                  | shaped body. [potion of mutation]
  5917 | D:6      | Gained mutation: You passively map a small area around you.
                  | [potion of mutation]
  5918 | D:6      | Lost mutation: Armour fits poorly on your strangely shaped
                  | body. [potion of mutation]
  5918 | D:6      | Lost mutation: You passively map a small area around you.
                  | [potion of mutation]
  5918 | D:6      | Gained mutation: You are agile. (Dex +4, Str/Int -1)
                  | [potion of mutation]
  5918 | D:6      | Gained mutation: Your system is resistant to poisons.
                  | (rPois) [potion of mutation]
  5919 | D:6      | Lost mutation: Your system is resistant to poisons. (rPois)
                  | [potion of mutation]
  5919 | D:6      | Lost mutation: You are agile. (Dex +4, Str/Int -1) [potion
                  | of mutation]
  5919 | D:6      | Gained mutation: You are frail. (-10% HP) [potion of
                  | mutation]
  5919 | D:6      | Gained mutation: You are strong-willed. (Will+) [potion of
                  | mutation]
  5919 | D:6      | Gained mutation: You are highly strong-willed. (Will++)
                  | [potion of mutation]
  5947 | D:6      | Killed ongoing's ghost
  5948 | D:6      | Reached XP level 9. HP: 41/73 MP: 9/9
  6109 | D:7      | Noticed Pikel
  6123 | D:7      | Killed Pikel
  6207 | D:7      | Found a sparkling altar of Nemelex Xobeh.
  6280 | D:7      | Found the +7 staff of the Meek {protect, meekguard}
  6346 | D:7      | Found a blossoming altar of Fedhas.
  6510 | D:7      | Noticed Duvessa
  6510 | D:7      | Noticed Dowan
  6514 | D:7      | Killed Duvessa
  6517 | D:7      | Killed Dowan
  6701 | D:7      | Reached *** piety under Nemelex Xobeh
  6709 | D:7      | Noticed Joseph
  6720 | D:7      | HP: 3/77 [Joseph/+0 quarterstaff (13)]
  6720 | D:7      | Killed Joseph
  6721 | D:7      | Reached XP level 10. HP: 3/83 MP: 10/10
  7556 | D:3      | Bought a shiny chain mail for 187 gold pieces
  7649 | D:8      | Identified the "Hethur Oxat"
  7742 | D:8      | Reached skill level 1 in Invocations
  7866 | D:8      | Received a gift from Nemelex Xobeh
  7910 | D:8      | Found a flagged portal.
  7930 | Bailey   | Entered a bailey
  8001 | Bailey   | Noticed an orc knight
  8004 | Bailey   | Found a large runed translucent door.
  8004 | Bailey   | Found a large runed translucent door.
  8021 | Bailey   | HP: 2/84 [orc warrior/+0 spear (7)]
  8033 | Bailey   | Killed an orc knight
  8034 | Bailey   | Reached skill level 5 in Invocations
  8290 | Bailey   | Noticed a deep elf zephyrmancer
  8486 | Bailey   | Killed a deep elf zephyrmancer
  8499 | Bailey   | Identified the +1 scale mail of the Arena {Drain rF+ Will+}
  8573 | D:8      | Noticed a gargoyle
  8578 | D:8      | Killed a gargoyle
  8673 | D:8      | Noticed a five-headed hydra
  8674 | D:8      | a five-headed hydra changed into a great orb of eyes
  8674 | D:8      | Noticed a great orb of eyes
  8688 | D:8      | Killed a great orb of eyes
  9085 | D:8      | Noticed a skeletal warrior
  9112 | D:8      | Banished a skeletal warrior
  9113 | D:8      | Reached skill level 10 in Invocations
  9294 | D:8      | Noticed Erica
  9301 | D:8      | Killed Erica
  9302 | D:8      | Gained mutation: You are mostly covered in thin metallic
                  | scales. (AC +3) [demonic ancestry]
  9302 | D:8      | Reached XP level 11. HP: 66/90 MP: 19/19
  9701 | D:8      | Noticed a red ugly thing
  9708 | D:8      | Killed a red ugly thing
 10026 | D:8      | Noticed a boulder beetle
 10046 | D:8      | Killed a boulder beetle
 10360 | D:8      | Reached skill level 5 in Shapeshifting
 10712 | D:9      | Found Duyqoz's Fire Supplies.
 11036 | D:9      | Found a sacrificial altar of Ru.
 11243 | D:9      | Found Ysohy's Assorted Antiques.
 11248 | D:9      | Bought a green potion for 30 gold pieces
 11248 | D:9      | Bought a sedimented brown potion for 30 gold pieces
 11248 | D:9      | Bought a scroll labelled QANYUF HIVA for 34 gold pieces
 11248 | D:9      | Acquired 885 gold pieces
 11400 | D:9      | Reached **** piety under Nemelex Xobeh
 11854 | D:3      | Bought a scorched plate armour for 700 gold pieces
 11854 | D:3      | Identified the +0 plate armour "Azual" {rC+} (You bought it
                  | in a shop on level 3 of the Dungeon)
 11990 | D:10     | Entered Level 10 of the Dungeon
 12194 | D:10     | Received a gift from Nemelex Xobeh
 12303 | D:10     | Noticed Gastronok
 12319 | D:10     | Killed Gastronok
 12514 | D:10     | Found a shimmering blue altar of Sif Muna.
 12514 | D:10     | Noticed Lodul
 12524 | D:10     | Killed Lodul
 12525 | D:10     | Reached skill level 15 in Fighting
 12942 | D:10     | Noticed a two-headed ogre
 12943 | D:10     | Noticed Gladio's ghost (novice VSGl)
 12961 | D:10     | Found a bloodstained altar of Trog.
 12961 | D:10     | Noticed a tengu warrior
 12968 | D:10     | Found a transporter.
 12971 | D:10     | Found a transporter.
 12975 | D:10     | Noticed a two-headed ogre
 12991 | D:10     | Noticed Snorg
 13004 | D:10     | Snorg changed into Snorg the wind drake
 13004 | D:10     | Noticed Snorg
 13008 | D:10     | Killed Snorg the wind drake
 13420 | D:10     | Lost mutation: You are highly strong-willed. (Will++)
                  | [potion of mutation]
 13420 | D:10     | Lost mutation: You are frail. (-10% HP) [potion of
                  | mutation]
 13420 | D:10     | Lost mutation: You are strong-willed. (Will+) [potion of
                  | mutation]
 13420 | D:10     | Gained mutation: You are somewhat resistant to further
                  | mutation. [potion of mutation]
 13420 | D:10     | Gained mutation: You have large cloven feet. [potion of
                  | mutation]
 13484 | D:10     | Found a staircase to the Lair.
 13499 | D:10     | Received a gift from Nemelex Xobeh
 13679 | Lair:1   | Entered Level 1 of the Lair of Beasts
 13738 | Lair:1   | Gained mutation: You sometimes gain a little power by
                  | taking damage. [demonic ancestry]
 13738 | Lair:1   | Reached XP level 12. HP: 89/109 MP: 20/20
 13838 | Lair:1   | HP: 3/109 [wolf (7)]
 14624 | Lair:1   | Reached skill level 10 in Shapeshifting
 14696 | Lair:1   | Received a gift from Nemelex Xobeh
 14724 | Lair:1   | Noticed a catoblepas
 14734 | Lair:1   | Killed a catoblepas
 15454 | Lair:2   | Found a hole to the Spider Nest.
 15806 | Lair:2   | Reached ***** piety under Nemelex Xobeh
 15806 | Lair:2   | Received a gift from Nemelex Xobeh
 15934 | Lair:2   | Noticed a five-headed hydra
 15939 | Lair:2   | Killed a five-headed hydra
 16039 | Lair:2   | Noticed a catoblepas
 16057 | Lair:2   | Killed a catoblepas
 16058 | Lair:2   | Gained mutation: You are completely covered in thin
                  | metallic scales. (AC +4, rElec) [demonic ancestry]
 16058 | Lair:2   | Reached XP level 13. HP: 40/115 MP: 24/24
 16583 | Lair:3   | Received a gift from Nemelex Xobeh
 16591 | Lair:3   | Reached skill level 15 in Invocations
 16801 | D:3      | Bought +2 fire dragon scales for 720 gold pieces
 17013 | Lair:5   | Identified the "Potoibb"
 17013 | Spider:1 | Entered Level 1 of the Spider Nest
 17105 | Lair:3   | Reached skill level 1 in Armour
 17239 | Lair:3   | Acquired the +1 pair of boots "Naozey" {Regen+ Str+2 Int+3
                  | Dex-4}
 17452 | Lair:3   | Found a staircase to the Shoals.
 17454 | Lair:3   | Noticed Amaemon
 17455 | Lair:3   | Reached skill level 5 in Armour
 17514 | Lair:3   | Killed Amaemon
 18357 | Lair:4   | Received a gift from Nemelex Xobeh
 18790 | Lair:4   | Received a gift from Nemelex Xobeh
 18905 | Lair:5   | Entered Level 5 of the Lair of Beasts
 18922 | Lair:5   | a death yak changed into an emperor scorpion
 18922 | Lair:5   | Noticed an emperor scorpion
 18922 | Lair:5   | a death yak changed into a minotaur
 18922 | Lair:5   | Noticed a minotaur
 18922 | Lair:5   | a death yak changed into a minotaur
 18922 | Lair:5   | Noticed a minotaur
 18933 | Lair:5   | HP: 2/115 [meliai/divine providence (12)]
 18939 | Lair:5   | Killed a minotaur
 18939 | Lair:5   | Killed a minotaur
 18939 | Lair:5   | Reached ****** piety under Nemelex Xobeh
 18940 | Lair:5   | Reached skill level 10 in Armour
 18940 | Lair:5   | Reached XP level 14. HP: 51/123 MP: 25/25
 19026 | Lair:5   | Found a staircase to the Slime Pits.
 19078 | Lair:5   | Killed an emperor scorpion
 19211 | Lair:5   | Received a gift from Nemelex Xobeh
 19355 | Lair:5   | Identified the +0 leather armour of Sorcery {rElec Regen+
                  | Slay+3}
 20169 | D:11     | Found a staircase to the Orcish Mines.
 20242 | D:11     | Received a gift from Nemelex Xobeh
 20255 | D:11     | Identified the +2 pair of gloves of Responsibility {rN+++
                  | Will- Str-2 SInv}
 20518 | D:11     | Identified the +4 ring mail of the Sailor {-Tele rC+ Int+3
                  | Dex+2}
 20922 | D:3      | Bought the +4 kite shield of Meager Liberty {Drain Int-4
                  | Dex+6} for 301 gold pieces
 21110 | D:11     | Reached skill level 1 in Shields
 21153 | D:12     | Noticed Azrael
 21181 | D:12     | Killed Azrael
 21265 | D:12     | Received a gift from Nemelex Xobeh
 21353 | D:12     | Found a runed translucent gate.
 21353 | D:12     | Found a runed translucent gate.
 21354 | D:12     | Found a runed translucent gate.
 21449 | D:12     | Noticed confidenceinterval's ghost (journeyman DrSh)
 21481 | D:12     | Killed confidenceinterval's ghost
 21482 | D:12     | Reached XP level 15. HP: 120/129 MP: 26/26
 21495 | D:12     | Reached skill level 5 in Shields
 21752 | D:12     | Noticed Jorgrun
 21759 | D:12     | Killed from afar by Jorgrun

Illustrated notes

Levels and vault maps discovered:
D:1:      minmay_arrival_doors, layout_basic, chequers_ecumenical_altar_island,
          minmay_distorted
D:2:      layout_loops_ring, basic_altar, minmay_between
D:3:      layout_basic, elyvilon_altar_4, serial_shops, shop,
          nicolae_shop_industrial_runoff, nicolae_shop_window_shopping,
          nicolae_lakefront_shop, shop, dilly_guarded_unrand_throatcut
D:4:      layout_basic, nicolae_dithmenos_through_a_glass_darkly,
          lemuel_coloured_pillars_altar, uniq_sigmund, uniq_blork_the_orc,
          uniq_edmund
D:5:      layout_loops_ring, lemuel_doored_altar
D:6:      layout_cave_pools, mainiacjoe_overflow_alcove_1,
          minmay_temple_entry_antechambers,
          mainiacjoe_sewer_entry_somewhere_in_here_1, gammafunk_ghost_smash
D:7:      layout_loops_ring, lemuel_tele_altar, fedhas_altar_3, hex_medium,
          grunt_ministairs_12, pf_guarded_unrand_meek, uniq_pikel, uniq_duvessa,
          uniq_joseph
D:8:      layout_rooms, enter_bailey_4, minmay_evil_grid, uniq_erica
D:9:      layout_irregular_city, kennysheep_little_box, serial_shops,
          nicolae_shop_hallway_plus, nicolae_shop_fire_sale
          [nicolae_sub_dead_trees]
D:10:     hellmonk_ruined_rings, layout_stronghold,
          mainiacjoe_overflow_small_starburst, david_lair_shrubbed,
          gammafunk_ghost_wrathful_warriors, serial_glass, glass_columns_a,
          glass_columns_a, uniq_gastronok, uniq_snorg, uniq_lodul
D:11:     layout_cave_pools, orc_0_dummy, minmay_fractal_squares_5
D:12:     layout_basic, gammafunk_ghost_icy, uniq_jorgrun, uniq_azrael
Lair:1:   layout_concentric_octagons, nicolae_quartered_pool_medium,
          eino_small_chamber_without_monster, pdpol_lair_neglected_garden
Lair:2:   layout_loops_ring, nicolae_spider_entry_lesser_pyramids,
          serial_bayou_shore_b
Lair:3:   layout_chaotic_city, minmay_shoals_entry_centaurs, st_stairs_9,
          bobbens_dragon_lair_wall, serial_bayou_shore_b, uniq_amaemon
Lair:4:   layout_long_grid, st_stairs_6, infiniplex_staircase_pool_2
Lair:5:   grunt_lair_end_beastmaster, layout_loops_ring, slime_entry_1,
          chequers_serial_rivers_micro_c, gammafunk_lair_bear_cave
Spider:1: layout_spider_delve

Skill      XL: |  1  2  3  4  5  6  7  8  9 10 11 12 13 14 15 |
---------------+----------------------------------------------+-----
Unarmed Combat | 3 |  3.8
Fighting       | 2 3 5 7 8 12 13 14 15 | 15.0
Invocations    | 10 14 15 | 15.0
Shapeshifting  | 3 8 10 | 10.0
Armour         | 10 13 | 13.5
Shields        | 4 5 |  5.5
Dodging        | |  1.7

Action                     |  1- 3 |  4- 6 |  7- 9 | 10-12 | 13-15 || total
---------------------------+-------+-------+-------+-------+-------++-------
  Melee: Unarmed           |   127 |    26 |       |       |       ||   153
         Punch             |     5 |     2 |     4 |       |       ||    11
         Spear             |       |   104 |   220 |   511 |   626 ||  1461
         Headbutt          |       |     3 |    42 |    97 |   162 ||   304
         Kick              |       |       |       |    99 |   246 ||   345
 Invoke: Draw Destruction  |       |       |       |    18 |    16 ||    34
         Draw Escape       |       |       |       |     9 |       ||     9
         Draw Summoning    |       |       |       |     1 |       ||     1
  Evoke: Wand              |       |       |       |    11 |       ||    11
    Use: Scroll            |       |     5 |     4 |     8 |     7 ||    24
         Potion            |       |       |    10 |     8 |     3 ||    21
   Stab: Sleeping          |     2 |       |       |       |       ||     2
         Petrified         |       |       |       |       |     1 ||     1
 Armour: Animal skin       |    24 |       |       |       |       ||    24
         Leather armour    |    24 |       |       |       |       ||    24
         Chain mail        |    13 |    96 |   133 |   198 |       ||   440
         Scale mail        |       |       |    32 |     7 |       ||    39
         Plate armour      |       |       |       |   414 |    15 ||   429
         Fire dragon scale |       |       |       |       |   601 ||   601
  Dodge: Dodged            |    52 |    31 |    69 |   250 |   525 ||   927
  Block: Buckler           |       |       |       |    90 |    86 ||   176
         Kite shield       |       |       |       |       |   123 ||   123

Table legend: (Time is in decaauts)
 A = Elapsed time spent in this place.
 B = Non-inter-level travel time spent in this place.
 C = Inter-level travel time spent in this place.
 D = Time resting spent in this place.
 E = Time spent auto-exploring this place.
 F = Levels seen in this place.
 G = Mean time per level.
                   A        B        C        D        E       F      G
               +--------+--------+--------+--------+--------+-----+--------+
         Total |  21989 |  20030 |   1959 |   5742 |  10065 |  20 | 1099.4 |
       Dungeon |  14997 |  13405 |   1592 |   3775 |   7084 |  12 | 1249.8 |
          Lair |   6200 |   5833 |    367 |   1622 |   2797 |   5 | 1240.0 |
   Spider Nest |      1 |      1 |      0 |      0 |      0 |   1 |    1.0 |
         Sewer |    159 |    159 |      0 |      0 |    103 |   1 |  159.0 |
        Bailey |    630 |    630 |      0 |    345 |     80 |   1 |  630.0 |
               +--------+--------+--------+--------+--------+-----+--------+

Top non-repeatable levels by time:
     D:8: 2405 daAuts
    D:10: 1840 daAuts
  Lair:1: 1822 daAuts
     D:7: 1617 daAuts
     D:1: 1343 daAuts
     D:9: 1321 daAuts
  Lair:2: 1277 daAuts
     D:2: 1264 daAuts
  Lair:3: 1231 daAuts
  Lair:5: 1152 daAuts
     D:3: 1112 daAuts
     D:6: 1055 daAuts
     D:4: 996 daAuts
  Lair:4: 716 daAuts
    D:12: 691 daAuts
